 Dungeon Crawl Stone Soup version 0.21.1-1-g345015fe64 (webtiles) character file.

16598 Naru the Carver (level 12, -5/108 HPs)
             Began as a Green Draconian Fighter on June 26, 2018.
             Was a High Priest of Okawaru.
             Slain by a nine-headed hydra (9 damage)
             ... on level 2 of the Lair of Beasts.
             The game lasted 00:34:15 (12803 turns).

Naru the Carver (Green Draconian Fighter)          Turns: 12803, Time: 00:34:15

Health: -5/108     AC: 10    Str: 20    XL:     12   Next: 11%
Magic:  11/12      EV: 19    Int:  9    God:    Okawaru [*****.]
Gold:   667        SH: 15    Dex: 14    Spells: 11/11 levels left

rFire    x . .     SeeInvis .   F - +7 double sword
rCold    + . .     Gourm    .   b - +0 shield
rNeg     . . .     Faith    .   (armour unavailable)
rPois    +         Spirit   .   (helmet restricted)
rElec    .         Reflect  +   (no cloak)
rCorr    .         Harm     .   k - +1 pair of gloves
MR       +....                  (no boots)
Stlth    +++.......             s - +2 amulet of reflection
HPRegen  0.28/turn              h - ring of protection from magic
MPRegen  0.13/turn              a - ring of ice

@: short of breath, heroism, barbed spikes
A: breathe noxious fumes, unfitting armour, poison resistance, cold-blooded, AC
+8
a: Breathe Noxious Fumes, Heroism, Finesse, Renounce Religion


You were on level 2 of the Lair of Beasts.
You worshipped Okawaru.
Okawaru was extremely pleased with you.
You were not hungry.

You visited 2 branches of the dungeon, and saw 13 of its levels.

You collected 667 gold pieces.

Inventory:

Hand Weapons
 F - a +7 double sword (weapon)
Missiles
 x - 16 tomahawks (quivered)
 G - 4 steel javelins
Armour
 b - a +0 shield (worn)
 k - a +1 pair of gloves (worn)
Jewellery
 a - a ring of ice (right hand)
 g - an uncursed ring of wizardry
 h - a ring of protection from magic (left hand)
 s - a +2 amulet of reflection (around neck)
Wands
 c - a wand of polymorph (12)
 m - a wand of enslavement (12)
 r - a wand of iceblast (7)
 t - a wand of flame (55)
 H - a wand of paralysis (11)
Scrolls
 f - 9 scrolls of teleportation
 o - 5 scrolls of remove curse
 y - a scroll of enchant armour
 D - a scroll of enchant weapon
 I - a scroll of identify
Potions
 e - a potion of resistance
 i - 2 potions of brilliance {unknown}
 j - 3 potions of curing
 l - 3 potions of lignification
 n - 3 potions of agility
 p - 2 potions of experience {unknown}
 u - 2 potions of haste {unknown}
 z - a potion of ambrosia {unknown}
 C - a potion of magic {unknown}
Books
 v - a book of Fire

   Spells                             Type                      Level
   a - Ignite Poison                  Fire/Transmutation/Poison    3
   b - Fireball                       Conjuration/Fire             5
   c - Bolt of Fire                   Conjuration/Fire             6
   d - Ring of Flames                 Charms/Fire                  7
   e - Ignition                       Fire                         8
 w - a book of Cantrips

   Spells                             Type                      Level
   a - Confusing Touch                Hexes                        1
   b - Animate Skeleton               Necromancy                   1
   c - Summon Small Mammal            Summoning                    1
   d - Apportation                    Translocation                1
 A - the Handbook of Air and Confrontation
   (You found it on level 11 of the Dungeon)

   Spells                             Type                      Level
   a - Throw Flame                    Conjuration/Fire             2
   b - Static Discharge               Conjuration/Air              3
   c - Iskenderun's Mystic Blast      Conjuration                  4
   d - Silence                        Hexes/Air                    5
   e - Deflect Missiles               Charms/Air                   6
 B - a book of Minor Magic

   Spells                             Type                      Level
   a - Magic Dart                     Conjuration                  1
   b - Blink                          Translocation                2
   c - Call Imp                       Summoning                    2
   d - Slow                           Hexes                        2
   e - Conjure Flame                  Conjuration/Fire             3
   f - Mephitic Cloud                 Conjuration/Poison/Air       3
 E - a book of Power

   Spells                             Type                      Level
   a - Iskenderun's Battlesphere      Conjuration/Charms           5
   b - Venom Bolt                     Conjuration/Poison           5
   c - Bolt of Magma                  Conjuration/Fire/Earth       5
   d - Iron Shot                      Conjuration/Earth            6
   e - Orb of Destruction             Conjuration                  7
   f - Spellforged Servitor           Conjuration/Summoning        7
Comestibles
 d - 15 rations


   Skills:
 * Level 10.7(15.7) Fighting
 * Level 14.2(19.2) Long Blades
 + Level 6.8(11.8) Dodging
 - Level 0.8(5.8) Stealth
 + Level 7.6(12.6) Shields
 + Level 0.1 Invocations
 - Level 0.4 Evocations


You had 11 spell levels left.
You didn't know any spells.

Dungeon Overview and Level Annotations

Branches:
Dungeon (11/15)            Temple (0/1) D:7            Lair (1/6) D:11
 Shoals (0/4) Lair:2        Snake (0/4) Lair:2          Orc (0/2) D:9

Altars:
Cheibriados
Okawaru
Qazlal
Uskayaw
Wu Jian
Xom
Yredelemnul
Zin

Shops:
D:7 :

Annotations:
D:6 2 transporters


Innate Abilities, Weirdness & Mutations

You can breathe blasts of noxious fumes.
Your lurid green scales are hard. (AC +8)
You cannot fit into any form of body armour.
Your system is resistant to poisons. (rPois)
You are cold-blooded and may be slowed by cold attacks.


Message History

The nine-headed hydra closely misses you.
The nine-headed hydra completely misses you.
The nine-headed hydra misses you.
The nine-headed hydra completely misses you.
Unknown command.
Evoke which item? (* to show all) (? for menu, Esc to quit)
Aiming: Paralyse
Press: ? - help, Shift-Dir - straight line, f/p - nine-headed hydra
Aim: a nine-headed hydra (heavily wounded, chance to defeat MR: 16%)
The nine-headed hydra resists with almost no effort.
You block the nine-headed hydra's attack.
The nine-headed hydra bites you.
* * * LOW HITPOINT WARNING * * *
The nine-headed hydra closely misses you.
The nine-headed hydra completely misses you.
The nine-headed hydra misses you. The nine-headed hydra bites you.
* * * LOW HITPOINT WARNING * * *
You block the nine-headed hydra's attack.
The nine-headed hydra bites you!
You die...

#..(.. ... ##
#.(..# ..
#.###....### .##
...........##..####
...>...............
...................
...................
...................
.......@†.#....####
##..#..D§..#.>..#
#.# ##....+......#
. #....##.....# ##
#...H≈ .≈...######.
#.≈≈≈≈≈≈≈$≈#.#P....
#.≈≈≈≈≈≈≈≈≈.#......
..≈≈≈≈≈≈≈ ....#..
... ###


You could see a nine-headed hydra and a manticore.

Vanquished Creatures
  Fannar (D:10)
  A centaur warrior (D:11)
  A death knight (D:11)
  4 two-headed ogres
  A tengu warrior (D:10)
  Urug (D:10)
  2 unseen horrors (D:11)
  An ugly thing (D:11)
  An elephant (D:11)
  Joseph (D:10)
  A spiny frog (D:11)
  A komodo dragon (D:10)
  A troll (D:11)
  4 hippogriffs
  A shadow (D:11)
  12 yaks
  A spriggan (D:9)
  A steam dragon (D:10)
  A wraith (D:10)
  A wyvern (D:10)
  2 hungry ghosts (D:11)
  2 wargs (D:9)
  Grum (D:10)
  A soldier ant (shapeshifter) (D:11)
  2 water moccasins
  A phantom (D:5)
  4 orc warriors
  2 ice beasts
  4 sky beasts
  3 black bears
  4 ogres
  3 wolves (D:10)
  A centaur (D:11)
  A crocodile (D:10)
  2 big kobolds
  Blork the orc (D:6)
  6 bullfrogs
  A water moccasin zombie (D:6)
  2 scorpions
  6 killer bees (D:9)
  An electric eel (D:11)
  3 howler monkeys (D:8)
  6 crimson imps
  3 hounds
  4 jellies
  7 orc priests
  2 iguanas
  3 bullfrog skeletons
  3 orc wizards
  Ijyb (D:5)
  6 worker ants
  2 hound zombies
  2 hound skeletons (D:4)
  A howler monkey skeleton (D:4)
  6 adders
  A shadow imp (D:8)
  2 oozes
  An adder skeleton (D:5)
  A worm (D:3)
  2 dart slugs
  6 leopard geckos
  25 orcs
  4 ball pythons
  7 giant cockroaches
  7 goblins
  11 hobgoblins
  11 jackals
  3 quokkas
  8 bats
  14 kobolds
  A quokka skeleton (D:6)
  A quokka zombie (D:6)
  6 rats
248 creatures vanquished.

Vanquished Creatures (others)
  An orc wizard (D:8)
  A fungus (Lair:2)
2 creatures vanquished.

Grand Total: 250 creatures vanquished

Notes
Turn   | Place    | Note
-------+----------+-------------------------------------------
     0 | D:1      | Naru the Draconian Fighter began the quest for the Orb.
     0 | D:1      | Reached XP level 1. HP: 19/19 MP: 1/1
   142 | D:1      | Reached XP level 2. HP: 21/26 MP: 2/2
   591 | D:1      | Reached XP level 3. HP: 33/33 MP: 3/3
  1014 | D:2      | Reached skill level 3 in Long Blades
  1707 | D:3      | Reached XP level 4. HP: 40/40 MP: 4/4
  2003 | D:3      | Found a snail-covered altar of Cheibriados.
  2457 | D:4      | Reached skill level 4 in Long Blades
  2457 | D:4      | Reached XP level 5. HP: 44/46 MP: 5/5
  2917 | D:5      | Entered Level 5 of the Dungeon
  2980 | D:5      | Noticed a phantom
  3061 | D:5      | Killed a phantom
  3061 | D:5      | Reached XP level 6. HP: 38/53 MP: 6/6
  3438 | D:5      | Noticed an ice beast
  3452 | D:5      | Killed an ice beast
  3452 | D:5      | Reached skill level 5 in Long Blades
  3597 | D:5      | Noticed Ijyb
  3603 | D:5      | Killed Ijyb
  3961 | D:5      | Your scales start taking on a lurid green colour.
  3961 | D:5      | Reached XP level 7. HP: 57/60 MP: 7/7
  3961 | D:5      | Gained mutation: Your system is resistant to poisons. (rPois) [Green Draconian growth]
  4242 | D:6      | Found a transporter.
  4252 | D:6      | Noticed a kobold demonologist
  4258 | D:6      | Found a transporter.
  4345 | D:6      | Reached skill level 6 in Long Blades
  4455 | D:6      | Reached skill level 5 in Fighting
  4708 | D:6      | You fall through a shaft for 2 floors!
  4779 | D:8      | Reached skill level 7 in Long Blades
  5020 | D:8      | Reached XP level 8. HP: 69/69 MP: 8/8
  5185 | D:8      | Found a basalt altar of Yredelemnul.
  5217 | D:8      | Reached skill level 8 in Long Blades
  5767 | D:7      | Reached skill level 9 in Long Blades
  5799 | D:7      | Found a shimmering altar of Xom.
  5871 | D:7      | Reached XP level 9. HP: 57/75 MP: 9/9
  5967 | D:7      | Found a staircase to the Ecumenical Temple.
  6105 | D:7      | Found a glowing silver altar of Zin.
  6106 | D:7      | Found a stormy altar of Qazlal.
  6140 | D:7      | Found Inoze's Book Shoppe.
  6565 | D:7      | Reached skill level 5 in Shields
  6969 | D:6      | Noticed Blork the orc
  6992 | D:6      | Killed Blork the orc
  6992 | D:6      | Reached skill level 10 in Long Blades
  7127 | D:6      | Found an iron altar of Okawaru.
  7152 | D:6      | Became a worshipper of Warmaster Okawaru
  7306 | D:6      | Found a hide-covered altar of Uskayaw.
  7473 | D:9      | Noticed a two-headed ogre
  7493 | D:9      | Killed a two-headed ogre
  7493 | D:9      | Reached skill level 5 in Dodging
  7537 | D:9      | Found a hide-covered altar of Uskayaw.
  7538 | D:9      | Noticed a dagger
  7538 | D:9      | Noticed a hand axe
  7743 | D:9      | Reached * piety under Okawaru
  8032 | D:9      | Noticed a two-headed ogre
  8061 | D:9      | Killed a two-headed ogre
  8061 | D:9      | Reached skill level 11 in Long Blades
  8061 | D:9      | Reached XP level 10. HP: 56/88 MP: 10/10
  8221 | D:9      | Reached ** piety under Okawaru
  8977 | D:9      | Reached *** piety under Okawaru
  9174 | D:9      | Found a staircase to the Orcish Mines.
  9305 | D:10     | Entered Level 10 of the Dungeon
  9516 | D:10     | Noticed Grum
  9537 | D:10     | Reached skill level 12 in Long Blades
  9559 | D:10     | Killed Grum
  9623 | D:10     | Noticed Urug
  9689 | D:10     | Killed Urug
  9853 | D:10     | Noticed Joseph
  9911 | D:10     | Killed Joseph
  9911 | D:10     | Reached **** piety under Okawaru
  9911 | D:10     | Reached XP level 11. HP: 43/97 MP: 11/11
 10276 | D:10     | Noticed Fannar
 10295 | D:10     | Killed Fannar
 10711 | D:11     | Noticed a tengu warrior
 10711 | D:11     | Noticed a centaur warrior
 10718 | D:11     | Noticed a death knight
 10720 | D:11     | Killed a centaur warrior
 10730 | D:10     | Received a gift from Okawaru
 10917 | D:10     | Killed a tengu warrior
 11021 | D:11     | Reached ***** piety under Okawaru
 11021 | D:11     | Reached skill level 13 in Long Blades
 11047 | D:11     | Killed a death knight
 11047 | D:11     | Reached skill level 10 in Fighting
 11066 | D:11     | Noticed a two-headed ogre
 11073 | D:11     | Killed a two-headed ogre
 11098 | D:11     | Got a smoking halberd
 11112 | D:11     | Identified the Handbook of Air and Confrontation
 11295 | D:11     | Noticed a cyan ugly thing
 11317 | D:11     | Killed a cyan ugly thing
 11593 | D:11     | Killed an unseen horror
 11593 | D:11     | Received a gift from Okawaru
 12172 | D:11     | Noticed a two-headed ogre
 12189 | D:11     | Reached skill level 14 in Long Blades
 12191 | D:11     | Killed a two-headed ogre
 12217 | D:11     | Killed an unseen horror
 12217 | D:11     | Reached XP level 12. HP: 81/107 MP: 12/12
 12372 | D:11     | Found an ornate altar of the Wu Jian Council.
 12526 | D:11     | Found a staircase to the Lair.
 12706 | Lair:1   | Entered Level 1 of the Lair of Beasts
 12731 | D:11     | Received a gift from Okawaru
 12767 | Lair:1   | You fall through a shaft!
 12767 | Lair:2   | Found a staircase to the Snake Pit.
 12767 | Lair:2   | Noticed a six-headed hydra
 12774 | Lair:2   | Found a staircase to the Shoals.
 12800 | Lair:2   | HP: 5/108 [nine-headed hydra (8)]
 12803 | Lair:2   | Slain by a nine-headed hydra

Skill      XL: |  1  2  3  4  5  6  7  8  9 10 11 |
---------------+----------------------------------+-----
Dodging        | 3 4 5 6 |  6.8
Long Blades    | 3 4 5 7 9 11 12 14 | 14.2
Fighting       | 4 5 6 7 9 10 | 10.7
Shields        | 4 5 6 7 |  7.6
Stealth        | |  0.8
Invocations    | |  0.1
Evocations     | |  0.4

Action                   |  1- 3 |  4- 6 |  7- 9 | 10-12 || total
-------------------------+-------+-------+-------+-------++-------
Melee: Long sword        |   110 |   150 |    68 |       ||   328
       Tailslap          |    11 |    23 |    65 |    56 ||   155
       Falchion          |       |       |   254 |   186 ||   440
       Double sword      |       |       |       |   185 ||   185
Invok: Heroism           |       |       |       |     2 ||     2
 Abil: Breathe Noxious F |       |       |    19 |    28 ||    47
Evoke: Wand              |       |     2 |       |     2 ||     4
  Use: Scroll            |     5 |     3 |     4 |     8 ||    20
       Potion            |       |       |     3 |     4 ||     7
 Stab: Distracted        |       |     1 |       |       ||     1
       Sleeping          |       |     1 |       |       ||     1
       Confused          |       |       |    15 |    13 ||    28
  Eat: Chunk             |     1 |     6 |     7 |    10 ||    24
       Ration            |     1 |       |     3 |     5 ||     9
Armor: Skin              |    32 |    51 |    68 |    64 ||   215
Dodge: Dodged            |    42 |    75 |   120 |   132 ||   369
Block: Shield            |    48 |    65 |   168 |   187 ||   468
       Reflection        |       |       |     5 |     5 ||    10
       Rpst.: Long sword |    16 |    22 |     5 |       ||    43
       Falchion          |       |       |    35 |    12 ||    47
       Double sword      |       |       |       |    17 ||    17
